 Dungeon Crawl Stone Soup version 0.31.0-11-ge490571c62 (webtiles) character file.

Game seed: 813060484587867330

5357 Killerpretzel the Mimic (level 10, 0/66 HPs)
             Began as an Octopode Shapeshifter on Feb 9, 2024.
             Was a Believer of Vehumet.
             Slain by a gnoll sergeant
             ... wielding a +2 heavy spear
              (7 damage)
             ... on level 9 of the Dungeon.
             The game lasted 00:30:51 (8989 turns).

Killerpretzel the Mimic (Octopode Shapeshifter)     Turns: 8989, Time: 00:30:52

Health: 0/66       AC:  5    Str: 13    XL:     10   Next: 65%
Magic:  10/10      EV:  9    Int: 12    God:    Vehumet [**....]
Gold:   510        SH:  0    Dex: 17    Spells: 9/9 levels left

rFire   . . .        u - +11 spear "Beusumet" {flame, rC+}
rCold   + . .        (no shield)
rNeg    + . .        (helmet currently unavailable)
rPois   +            w - amulet of reflection
rElec   .            e - ring of positive energy
rCorr   +            h - ring of poison resistance
SInv    .            p - +4 ring of protection
Will    .....        q - ring of resist corrosion
Stlth   +++          (no ring)
HPRegen 0.31/turn    (no ring)
MPRegen 0.12/turn    (no ring)
                     (no ring)

%: reflection
@: beast-form, held
A: beast (slay +4), almost no armour, amphibious, 8 rings, camouflage 1,
gelatinous body 1, (nimble swimmer 1), tentacles
a: Begin Untransformation, Renounce Religion


You were on level 9 of the Dungeon.
You worshipped Vehumet.
Vehumet was pleased with you.
You were a hulking beast.
You visited 2 branches of the dungeon, and saw 10 of its levels.

You collected 510 gold pieces.

Inventory:

Hand Weapons
 u - the +11 spear "Beusumet" (weapon) {flame, rC+}
   (You found it on level 4 of the Dungeon)

   rC+:       It protects you from cold.
Jewellery
 a - a ring of fire
 e - a ring of positive energy (left tentacle)
 h - a ring of poison resistance (right tentacle)
 p - a +4 ring of protection (on tentacle)
 q - a ring of resist corrosion (on tentacle)
 w - an amulet of reflection (around mantle)
 D - an amulet of reflection
Talismans
 b - a beast talisman
 c - a flux talisman
Wands
 g - a wand of roots (15)
 n - a wand of polymorph (3)
 y - a wand of flame (22)
 B - a wand of paralysis (7)
Scrolls
 m - 2 scrolls of teleportation
 o - a scroll of immolation
 r - a scroll of fear
 v - 3 scrolls of poison
 A - a scroll of silence
 C - a scroll of revelation
Potions
 d - 2 potions of curing
 f - 2 potions of resistance
 i - a potion of ambrosia
 j - a potion of haste
 l - 4 potions of mutation
 s - 2 potions of degeneration {unknown}
 t - a potion of heal wounds {unknown}
 x - a potion of berserk rage {unknown}
 z - a potion of cancellation {unknown}
 E - a potion of brilliance {unknown}


   Skills:
 + Level 5.3 Fighting
 + Level 5.6 Dodging
 + Level 6.1 Unarmed Combat
 * Level 13.7 Shapeshifting


You had 9 spell levels left.
You didn't know any spells.
Your spell library contained the following spells:

 Spells                   Type           Power      Damage    Failure   Level
 Freeze                   Ice            0%         1d3       32%         1
 Shock                    Conj/Air       0%         1d3       32%         1
 Call Imp                 Summ           0%         N/A       45%         2
 Sublimation of Blood     Necr           0%         N/A       45%         2
 Inner Flame              Hex/Fire       0%         N/A       69%         3
 Swiftness                Air            0%         N/A       69%         3
 Airstrike                Air            0%         2d(0-16)  97%         4
 Flame Wave               Conj/Fire      0%         2d4       97%         4
 Sticky Flame             Fire/Alch      0%         2d4       97%         4
 Irradiate                Conj/Alch      0%         3d11      100%        5
 Summon Hydra             Summ           0%         N/A       100%        7
 Ignition                 Fire           0%         3d3       100%        8


Dungeon Overview and Level Annotations

Branches:
Dungeon (9/15)             Temple (1/1) D:7
   Lair: D:8-11         Orc: D:9-12

Altars:
Ashenzari
Cheibriados
Dithmenos
Elyvilon
Fedhas
Gozag
Hepliaklqana
Kikubaaqudgha
Makhleb
Nemelex Xobeh
Okawaru
Qazlal
Ru
Sif Muna
Trog
Vehumet
Wu Jian
Xom
Yredelemnul
Zin
The Shining One

Annotations:
D:3 Jessica
D:8 Gastronok
Temple 2 transporters


Innate Abilities, Weirdness & Mutations

You are a hulking beast.
Your limbs bulge with bestial killing power. (Slay +4)
You cannot wear most types of armour.
You are amphibious.
You can wear up to eight rings at the same time.
Your skin changes colour to match your surroundings (Stealth+).
Your rubbery body absorbs attacks. (AC +1, EV +1)
((You are camouflaged when in or above water. (Stealth+)))
You have tentacles for arms and can constrict up to eight enemies at once.


Message History

You puncture the gnoll! You burn the gnoll.
You kill the gnoll!
Vehumet accepts your kill.
The gnoll sergeant shouts!
A gnoll is nearby!
A gnoll comes into view.
It is wielding a +0 whip and quivering 2 throwing nets.
There are monsters nearby!
The gnoll shouts!
You hit the gnoll sergeant. You burn the gnoll sergeant.
You grab the gnoll sergeant. You squeeze the gnoll sergeant!
The gnoll sergeant is heavily wounded.
You constrict the gnoll sergeant.
The gnoll sergeant hits you with a +2 heavy spear!
The gnoll throws a throwing net.
The throwing net hits you.
You become entangled in the net!
There are monsters nearby!
You tear a large gash into the net.
You constrict the gnoll sergeant, but do no damage.
You struggle against the net.
You constrict the gnoll sergeant.
The gnoll sergeant hits you with a +2 heavy spear!
The gnoll hits you with a +0 whip!
You rip the net and break free!
You constrict the gnoll sergeant.
The gnoll sergeant hits you with a +2 heavy spear!
* * * LOW HITPOINT WARNING * * *
The gnoll hits you with a +0 whip.
* * * LOW HITPOINT WARNING * * *
You feel better.
You constrict the gnoll sergeant. The gnoll hits you with a +0 whip.
* * * LOW HITPOINT WARNING * * *
You release your grip on the gnoll sergeant.
The gnoll sergeant closely misses you.
The gnoll throws a throwing net.
The throwing net hits you.
You become entangled in the net!
You see here a throwing net.
You struggle against the net.
The gnoll sergeant hits you from afar with a +2 heavy spear!
* * * LOW HITPOINT WARNING * * *
You struggle against the net.
The gnoll barely misses you.
You struggle against the net.
The gnoll sergeant hits you from afar with a +2 heavy spear!
You die...

#####≈≈# ##⌠#⌠##≈# ..#
#≈≈≈≈≈#§# #.# ##≈...≈#≈#
#.# #⌠§...≈#≈## #.# #
##≈._..'..#######.#.#
#⌠≈..§≈#≈.))....#.#.####.
##≈§..≈#≈##<###..........
#§§≈≈≈#≈##.###.hg#
##⌠#⌠##§##.#.#[##gg#
#####§≈##.....# .##
######...# .# ..........#
.# #########.# .# #.# .#
#.# .# #.#


You could see a gnoll sergeant and 2 gnolls.

Vanquished Creatures
  Maggie (D:8)
  Prince Ribbit (D:8)
  11 yaks
  Eustachio (D:6)
  A water moccasin (D:7)
  4 orc warriors
  2 sky beasts
  An ice beast (D:7)
  A black bear (D:6)
  2 ogres
  A centaur (D:8)
  A phantom (D:7)
  3 kobold brigands (D:6)
  3 scorpions
  3 wights (D:7)
  A bombardier beetle (D:7)
  4 orc priests
  3 hounds
  4 jellies
  A gnoll bouda (D:8)
  Ijyb (D:5)
  3 sleepcaps
  2 iguanas (D:5)
  2 orc wizards
  9 adders
  5 gnolls
  A white imp (D:5)
  8 ufetubi
  3 ribbon worms
  5 dart slugs
  41 orcs
  3 ball pythons
  9 endoplasms
  A giant cockroach (D:2)
  6 goblins
  6 hobgoblins
  3 jackals (D:3)
  24 kobolds
  3 quokkas
  8 bats
  3 frilled lizards
  6 rats
201 creatures vanquished.

Vanquished Creatures (others)
  An orc wizard (D:9)
1 creature vanquished.

Grand Total: 202 creatures vanquished

Notes
Turn   | Place    | Note
-------+----------+-------------------------------------------
     0 | D:1      | Killerpretzel the Octopode Shapeshifter began the quest for
                  | the Orb.
     0 | D:1      | Reached XP level 1. HP: 13/13 MP: 1/1
    41 | D:1      | Reached XP level 2. HP: 10/18 MP: 2/2
   353 | D:1      | Reached XP level 3. HP: 23/23 MP: 3/3
   466 | D:1      | Found a faded altar of an unknown god.
   852 | D:2      | Reached XP level 4. HP: 25/29 MP: 4/4
  1242 | D:2      | Reached skill level 4 in Shapeshifting
  1706 | D:3      | Reached XP level 5. HP: 33/34 MP: 5/5
  1790 | D:3      | Noticed Jessica
  3263 | D:4      | Identified the +11 spear "Beusumet" {flame, rC+}
  3870 | D:5      | Entered Level 5 of the Dungeon
  3946 | D:5      | Noticed an ogre
  3954 | D:5      | Killed an ogre
  3955 | D:5      | Reached XP level 6. HP: 41/41 MP: 6/6
  3980 | D:5      | Found a stormy altar of Qazlal.
  4129 | D:5      | Reached skill level 5 in Shapeshifting
  4129 | D:5      | Noticed Sigmund
  4146 | D:5      | Sigmund changed into Sigmund the dart slug
  4146 | D:5      | Noticed Sigmund
  4149 | D:5      | Killed Sigmund the dart slug
  4192 | D:5      | Noticed Ijyb
  4198 | D:5      | Killed Ijyb
  4201 | D:5      | Reached XP level 7. HP: 26/46 MP: 7/7
  4569 | D:5      | Reached skill level 12 in Shapeshifting
  4569 | D:5      | Reached XP level 8. HP: 52/52 MP: 8/8
  4863 | D:6      | Noticed a yak
  4863 | D:6      | Noticed a yak
  4863 | D:6      | Noticed a yak
  4863 | D:6      | Noticed a yak
  4873 | D:6      | Killed a yak
  4882 | D:5      | Killed a yak
  4883 | D:5      | Reached XP level 9. HP: 17/58 MP: 9/9
  5126 | D:5      | Reached skill level 13 in Shapeshifting
  5245 | D:6      | Reached skill level 5 in Unarmed Combat
  5347 | D:6      | Noticed Eustachio
  5629 | D:6      | Found a glowing silver altar of Zin.
  5723 | D:6      | You fall into a shaft and drop 1 floor!
  5747 | D:7      | Found a staircase to the Ecumenical Temple.
  5756 | Temple   | Found a transporter.
  5756 | Temple   | Found a transporter.
  5756 | Temple   | Found a transporter.
  5756 | Temple   | Found a transporter.
  5756 | Temple   | Entered the Ecumenical Temple
  5769 | Temple   | Became a worshipper of Vehumet
  6236 | D:6      | Found a sacrificial altar of Ru.
  6389 | D:6      | Killed Eustachio
  6788 | D:7      | Reached XP level 10. HP: 65/65 MP: 10/10
  6789 | D:7      | Reached skill level 5 in Dodging
  7002 | D:7      | Noticed a moth of wrath
  7004 | D:7      | Found a bloodstained altar of Trog.
  7034 | D:7      | Reached * piety under Vehumet
  7034 | D:7      | Offered knowledge of Magic Dart by Vehumet.
  7447 | D:8      | Noticed Prince Ribbit
  7547 | D:8      | Killed Prince Ribbit
  7600 | D:8      | Noticed Maggie
  7741 | D:8      | Noticed Gastronok
  7894 | D:8      | Found a shimmering altar of Xom.
  7903 | D:8      | Reached skill level 5 in Fighting
  8168 | D:8      | Killed Maggie
  8913 | D:9      | Offered knowledge of Freeze by Vehumet.
  8918 | D:9      | Reached ** piety under Vehumet
  8960 | D:9      | Found a burning altar of Makhleb.
  8989 | D:9      | Slain by a gnoll sergeant

Illustrated notes

Levels and vault maps discovered:
D:1:      lightli_arrival_flooded_house, layout_loops_ring,
          ebering_ecumenical_altar_rust, minmay_pentomino_w2
D:2:      layout_basic, kennysheep_small_spiral, nicolae_half_adder
D:3:      layout_loops_ring, uniq_jessica
D:4:      layout_basic
D:5:      layout_cave_pools, mainiacjoe_overflow_catwalk, uniq_sigmund,
          uniq_ijyb
D:6:      cheibrodos_thug_alley, layout_loops_ring, zin_statuary,
          general_overflow_altar, uniq_eustachio
D:7:      layout_cave_pods, tgw_trog, minmay_temple_entry_junction,
          enter_ossuary_2
D:8:      layout_rooms, lemuel_crystal_altar, special_room [special_room_orc],
          uniq_prince_ribbit1, uniq_maggie, uniq_gastronok
D:9:      layout_loops_ring, lightli_temple_of_fire, david_lair_generic
Temple:   hellmonk_temple_divided_pantheon

Skill      XL: |  1  2  3  4  5  6  7  8  9 10 |
---------------+-------------------------------+-----
Fighting       | 2 3 4 5 |  5.3
Shapeshifting  | 4 5 12 13 | 13.7
Dodging        | 3 4 5 |  5.6
Unarmed Combat | 4 5 6 |  6.1

Action                     |  1- 3 |  4- 6 |  7- 9 | 10-12 || total
---------------------------+-------+-------+-------+-------++-------
  Melee: Unarmed           |    53 |    69 |       |       ||   122
         Constrict         |    12 |    20 |    19 |    24 ||    75
         Tentacles         |     8 |    12 |    25 |    27 ||    72
         Punch             |     4 |     1 |     3 |     5 ||    13
         Spear             |       |    28 |   139 |   126 ||   293
  Throw: Boomerang         |       |    34 |    24 |     7 ||    65
  Evoke: Wand              |       |     2 |       |       ||     2
    Use: Scroll            |     3 |    10 |     3 |     1 ||    17
         Potion            |       |     1 |     2 |     5 ||     8
   Stab: Sleeping          |     5 |     5 |     4 |     3 ||    17
         Distracted        |       |     1 |     1 |     1 ||     3
 Armour: Skin              |    16 |    42 |    58 |    45 ||   161
  Dodge: Dodged            |    22 |    54 |    55 |    61 ||   192
  Block: Other             |       |       |     5 |    19 ||    24
